Arrhythmia, chaotic female vampiric Convict --------- |.%.....| ----- |..)....| ----- A ...| |...%...| |... ---------..-- --- |.......| --------- --..--------- |..aaa..|...-- --.... | |.......| | --.......-- --...|%..%...| |.@.%A%.|....---...... |. ----|----..|--.%.%.....---.%%.|.%.....| @|...@aA.W@@D.@-...).... |..%%%%%......||.....$%....-.%...-..._...| AD|..@.%@.|.D@4---........ ---.%)......-----.........---....|.%%....| |...%...|.a.-- --....... -----|----- --%.%%...-- --...|.......| @---------..-- ----.--- -...%%.. ----$---- --..--------- @ ....| |...------ ...%%%.. -------%_.| |... ------ |.%..0....| %...%%%.. |...%(%%%.| ----- -------...-- ....%..%--.`[------- |....--...%...--..%.| ---%..----%----...--- |...............| ----------------- Arrhythmia the Outlaw Experience level: 17 Strength: 25 Dexterity: 19 Constitution: 18 Intelligence: 10 Wisdom: 13 Charisma: 7 Health: 470(475) Energy: 114(114) AC: -17 Gold: 0 Moves: 118472 Your Inventory: Amulets p - an [uncursed] amulet of ESP (being worn) M - the [blessed] Amulet of Yendor named The Real Deal Armor e - a blessed fireproof +7 elven cloak of reflection and power (being worn) w - a blessed rustproof +4 dented pot of dexterity and warning (being worn) x - a [blessed] +4 chromatic dragon scale mail [chromatic dragon scale mail] (being worn) F - an uncursed fireproof +5 striped shirt (being worn) Comestibles D - an [uncursed] Hyper Futa Mare Dick named DayBreaker Potions k - 2 cursed potions of gain level O - 3 uncursed potions of full healing Rings C - an uncursed ring of slow digestion named Sustenance (on right hand) S - an uncursed ring of free action Z - a cursed ring of conflict (on left hand) Wands b - an [uncursed] wand of death (1:0) d - an [uncursed] wand called Tele [of teleportation] (0:0) g - an [uncursed] wand called Tele [of teleportation (0:0)] h - an [uncursed] wand called Tele [of teleportation (0:8)] i - an [uncursed] wand called Tele [of teleportation (0:8)] j - an [uncursed] wand called Tele [of teleportation (0:0)] l - an [uncursed] wand called Tele [of teleportation] (0:0) m - an [uncursed] wand called Tele [of teleportation (0:6)] n - an [uncursed] wand of death (0:0) o - an [uncursed] wand called Tele [of teleportation (0:8)] q - an [uncursed] wand called Tele [of teleportation (0:4)] r - an [uncursed] wand of death [0:0] t - a [blessed] wand of death [0:1] u - an [uncursed] wand called Tele [of teleportation (0:5)] v - a cursed wand called Tele [of teleportation (0:6)] y - an [uncursed] wand of death [0:8] Q - an [uncursed] wand of death (0:0) R - an [uncursed] wand of death [0:3] T - an [uncursed] wand of death [0:2] U - an [uncursed] wand of death [0:7] V - an [uncursed] wand called Tele [of teleportation (0:1)] X - a cursed wand of death [0:6] Y - an [uncursed] wand of digging [0:1] Tools a - an [uncursed +0] unicorn horn f - a blessed bag called Portal to the elemental plane of TEETH [of holding] s - an uncursed [magic] lamp called Railroad Mejic (lit) z - an [uncursed] bag called Reggie [sack] H - an [uncursed] skeleton key J - an uncursed stethoscope Gems W - a blessed luckstone Iron balls c - the uncursed rustproof Iron Ball of Liberation (weapon in hand) Contents of the bag of holding: a blessed scroll of enchant armor 2 [uncursed] scrolls of food detection 2 [uncursed] scrolls of gold detection 3 blessed scrolls of magic mapping 2 [uncursed] potions of full healing 2 [cursed] potions of full healing a [cursed -2] ceramic ring [of adornment] an [uncursed] ring of slow digestion an [uncursed] ring of teleport control an [uncursed] wand called Tele [of teleportation (0:6)] an [uncursed] wand of digging [0:4] an [uncursed] wand of digging [0:5] an [uncursed] wand of digging [0:6] an [uncursed] wand of digging [0:7] an [uncursed] wand of digging [0:6] an [uncursed] wand of digging [0:8] a [cursed] wand of digging [0:4] an [uncursed] wand of digging [0:5] an [uncursed] wand of digging [0:6] an [uncursed] wand of digging [0:6] an [uncursed] wand of digging [0:8] an [uncursed] wand of fire [0:7] an [uncursed] wand of fire [0:4] an [uncursed] wand of striking [0:1] an [uncursed] wand of striking [0:5] an [uncursed] looking glass [mirror] an [uncursed] towel Spells known in the end: Name Level Category Fail Memory a - force bolt 1* attack 54% [........] b - drain life 2* attack 58% [........] c - wizard lock 2* matter 58% [........] d - magic missile 2* attack 58% [........] e - detect monsters 1* divination 54% [........] f - detect unseen 3* divination 100% [........] g - protection 1* clerical 54% [........] h - invisibility 4* escape 100% [........] i - turn undead 6* clerical 100% [........] j - cause fear 3* enchantment 100% [........] k - cure blindness 2* healing 58% [........] l - levitation 4* escape 100% [........] m - light 1* divination 54% [........] n - jumping 1* escape 54% [........] o - detect food 2* divination 58% [........] p - stone to flesh 3* healing 100% [........] q - detect treasure 4* divination 100% [........] r - remove curse 3* clerical 100% [........] s - sleep 1* enchantment 54% [........] t - dig 5* matter 100% [........] u - identify 3 divination 100% [||......] v - restore ability 4 healing 100% [||||....] Your skills at the end: Fighting Skills body armor [Skilled / Skilled] shield [Basic / Basic] Weapon Skills flail [Expert / Expert] sling [Basic / Skilled] Spellcasting Skills Final Attributes: You had transgressed. Hunger level was 1305. Your alignment was -42364 / 602. Monster difficulty range was 16 - 57. Level difficulty was 67. You were immune to fire. You were immune to cold. You were immune to sleep. You were immune to disintegration. You were immune to electricity. You were immune to poison. You were immune to level-drain. You were immune to sickness. You were magic-protected. You were immune to acid. You were immune to petrification. You were telepathic. You were warned. You had automatic searching. You were invisible. You were displaced. You were stealthy. You caused conflict. You could fly. You could survive without air. You had slower digestion. You regenerated. You had reflection. You were extremely lucky (10). You had extra luck. Good luck did not time out for you. Tymora was angry with you (1). You survived. Vanquished creatures: Cthulhu (twice) Asmodeus Dispater Geryon Orcus Juiblex The Wizard of Yendor (twice) Pestilence (thrice) Famine Vlad the Impaler 4 arch-liches 2 mastodons 3 vorpal jabberwocks Medusa 8 krakens Warden Arianna 7 iron golems 2 master liches a ki-rin 3 chromatic dragons 4 storm giants a titan 8 balrogs 10 purple worms 2 guivres 6 gold dragons 9 leviathans 10 sarkanies 5 wyverns 9 drakens 13 sirrushes 6 tatzelworms 12 amphiteres 4 lindworms 8 jabberwocks 7 baluchitheria 9 Angels 3 demiliches 5 stone golems 3 master mind flayers 19 Olog-hai a Nazgul 17 pit fiends a sandestin 12 hell hounds 4 titanotheres 6 trappers a baby guivre a baby gold dragon a baby sirrush 2 guardian nagas 2 disenchanters 41 vampire lords 5 skeletons 4 prison guards 3 shopkeepers 255 guards 24 aligned priests 5 captains 5 shades 5 lava demons 5 inmates 16 liches 3 clay golems 8 nurses 12 ice devils 5 nalfeshnees Aphrodite 5 lurkers above 5 frost giants 3 ettins a golden naga 8 black puddings 54 vampires 7 lieutenants a watch captain 55 ghosts 2 queen bees 10 locusts 2 winged gargoyles 3 mind flayers 12 giant mimics 6 zruties 11 fire giants 7 ogre kings 12 ice trolls 16 rock trolls an umber hulk 4 flesh golems 9 Elvenkings 4 doppelgangers 18 hezrous 11 bone devils 11 large mimics 5 wumpuses 5 fire vortices a baby long worm 10 long worms 5 couatls 18 stalkers 14 air elementals 6 fire elementals 12 earth elementals 4 water elementals 6 hill giants 3 giant mummies 4 black nagas 10 xorns 31 giant zombies 6 elf-lords 19 sergeants 2 water demons 13 barbed devils 19 vrocks 3 salamanders 13 wargs 3 winter wolves 3 hell hound pups 15 small mimics 3 rodents of unusual size 6 warhorses 3 steam vortices 11 xans 3 ettin mummies 5 ogre lords a quantum mechanic 44 trolls 2 sasquatches 7 wood golems 3 erinyes 13 mariliths a djinni 5 sharks 4 giant turtles 8 gelatinous cubes 4 pyrolisks 3 large dogs 10 freezing spheres 6 flaming spheres 9 shocking spheres 4 large cats 15 tigers 5 gargoyles 6 dwarf kings 15 tengu 15 ochre jellies 9 leocrottas 7 energy vortices 4 mountain centaurs 15 stone giants 9 elf mummies 8 human mummies 3 red nagas 2 green slimes 8 pit vipers 4 pythons 4 cobras 70 wraiths a carnivorous ape 36 ettin zombies 7 leather golems 10 Grey-elves 74 soldiers 4 watchmen 15 horned devils 12 succubi 14 incubi 10 chameleons 5 crocodiles 91 giant beetles 9 quivering blobs 11 cockatrices 8 wolves 15 winter wolf cubs 5 lynxes 5 panthers 41 gremlins 2 spotted jellies 12 leprechauns 7 orc-captains 6 iron piercers 6 mumakil 28 giant spiders 9 scorpions 7 horses 3 ice vortices 10 black lights 14 vampire bats 5 forest centaurs 13 gnome kings 5 orc mummies 5 dwarf mummies 2 ogres 14 brown puddings 9 rust monsters 23 owlbears 10 yetis 9 gold golems 2 werewolves 20 Green-elves 3 piranhas 14 giant eels 14 lizards 15 chickatrices 5 dogs 3 dingos 4 housecats 8 jaguars 11 dwarf lords 8 blue jellies 5 white unicorns 3 gray unicorns 2 black unicorns 12 dust vortices 51 ravens 8 plains centaurs a Kop Kaptain 6 gnome mummies 5 snakes 22 apes 53 human zombies 6 rope golems 13 Woodland-elves 72 soldier ants 27 fire ants 27 snow ants 25 bugbears 7 imps 16 lemures 14 quasits 10 wood nymphs 17 water nymphs 20 mountain nymphs 19 Mordor orcs 10 Uruk-hai 6 orc shamans 11 rock piercers 17 enormous rats 17 rock moles 8 ponies 9 fog clouds 32 yellow lights 10 shriekers 10 violet fungi 24 gnome lords 8 gnomish wizards 3 Kop Lieutenants 6 kobold mummies 2 red naga hatchlings a guardian naga hatchling 11 gray oozes 5 barrow wights 45 elf zombies 27 ghouls 5 straw golems 4 paper golems 5 wax golems 4 jellyfish 43 giant ants 5 little dogs 29 floating eyes 5 kittens 43 dwarves 15 homunculi 7 kobold lords 3 kobold shamans 30 hill orcs 40 rothes 10 rabid rats 6 centipedes 11 giant bats 4 Kop Sergeants 6 monkeys 34 orc zombies 25 dwarf zombies 3 miners 2 wererats 4 werejackals 4 muggers 27 iguanas 75 killer bees 15 acid blobs 12 coyotes 3 gas spores 21 hobbits 33 manes 2 large kobolds 30 hobgoblins 9 giant rats 21 cave spiders 4 brown molds 7 yellow molds 4 green molds 4 red molds 95 gnomes 5 Keystone Kops 10 garter snakes 30 gnome zombies 21 geckos 30 jackals a fox 5 kobolds 17 goblins 16 sewer rats 14 grid bugs 9 bats 18 lichens 35 kobold zombies 28 newts 3836 creatures vanquished. Genocided or extinct species: erinyes (extinct) 1 species extinct. Voluntary challenges: You were an atheist. You pretended to be a nudist. You went without food. You never hit with a wielded weapon. You read items or engraved 104 times. You put on armor 241 times. You never genocided any monsters. You never polymorphed an object. You never changed form. You used no wishes. You abstained from Elbereth's help. You never encountered a bones level. You never used any Sokoban shortcuts. Dungeon overview: The Dungeons of Doom: levels 1 to 25 Level 1 stairs to The Elemental Planes Level 2 a general store Level 3 a general store stairs to The Gnomish Mines Level 4 a potion shop Level 7 (Vault) a general store stairs to Sokoban Level 9 stairs to Town Level 11 some fountains Level 13 an armor shop portal to The Quest Level 14 a temple Level 15 some sinks, a throne Level 16 an altar Level 17 a throne Level 19 a throne Level 20 (vault) a temple, a fountain Level 21 a scroll shop Level 22 a fountain Level 23 a fountain, many trees Level 24 portal to One-eyed Sam's Market Level 25 a magic chest, a fountain, a throne Gehennom: levels 26 to 52 Level 26 a temple, a magic chest stairs to The Dungeons of Doom Level 31 many fountains, a throne Level 32 a fountain Level 33 a throne Level 36 a lighting shop, a temple, a magic chest, a fountain, a throne stairs to Vlad's Tower Level 37 a throne Level 38 stairs to The Dragon Caves Level 41 portal to Gehennom Level 42 many trees Level 46 a magic chest Level 47 portal to Gehennom Level 52 a temple The Gnomish Mines: levels 4 to 12 Level 4 stairs to The Dungeons of Doom Level 6 (magic trap) Level 7 some shops, a temple, a magic chest Level 12 a fountain The Quest: levels 1 to 6 Level 1 an altar to Tymora, a magic chest, a sink portal to The Dungeons of Doom Level 3 a general store, a sink Sokoban: levels 5 to 6 Level 6 stairs to The Dungeons of Doom Town: levels 6 to 8 Level 6 many shops, some fountains, a sink Level 7 many fountains, many trees Level 8 stairs to The Dungeons of Doom One-eyed Sam's Market: Level 1 portal to The Dungeons of Doom Vlad's Tower: levels 32 to 35 Level 32 a throne Level 35 many trees stairs to Gehennom The Dragon Caves: levels 39 to 42 Level 39 many trees stairs to Gehennom Level 40 a jewelry store, many trees Level 41 many trees Level 42 many trees The Elemental Planes: Astral Plane <- You were here some temples Plane of Fire portal to The Elemental Planes Plane of Earth portal to The Elemental Planes Plane of Water portal to The Elemental Planes Plane of Air portal to The Elemental Planes History has recorded: On T:1 you entered the Dungeons of Doom to retrieve the Amulet of Yendor! On T:230 you advanced to experience level 2. On T:330 you reached level 2 of The Dungeons of Doom. On T:440 you advanced to experience level 3. On T:598 you advanced to experience level 4. On T:614 you reached level 3 of The Dungeons of Doom. On T:1178 you advanced to experience level 5. On T:1269 you reached level 4 of The Dungeons of Doom. On T:1369 you advanced to experience level 6. On T:1872 you reached level 5 of The Dungeons of Doom. On T:2080 you reached level 1 of The Gnomish Mines. On T:2511 you advanced to experience level 7. On T:3734 you reached level 6 of The Dungeons of Doom. On T:3765 you advanced to experience level 8. On T:4972 you reached level 7 of The Dungeons of Doom. On T:5106 you reached level 8 of The Dungeons of Doom. On T:5199 you reached level 3 of Sokoban. On T:6166 you advanced to experience level 9. On T:6693 you reached level 2 of The Gnomish Mines. On T:6973 you reached level 3 of The Gnomish Mines. On T:7057 you reached level 4 of The Gnomish Mines. On T:8704 you advanced to experience level 10. On T:9234 you reached level 2 of Sokoban. On T:12031 you reached level 9 of The Dungeons of Doom. On T:12123 you reached level 10 of The Dungeons of Doom. On T:12616 you reached level 11 of The Dungeons of Doom. On T:13078 you advanced to experience level 11. On T:13435 you reached level 12 of The Dungeons of Doom. On T:13933 you reached level 13 of The Dungeons of Doom. On T:14550 you reached level 1 of The Quest. On T:14918 you embarked upon an epic quest. On T:15078 you reached level 2 of The Quest. On T:15406 you reached level 3 of The Quest. On T:16508 you reached level 4 of The Quest. On T:16528 you advanced to experience level 12. On T:16921 you reached level 5 of The Quest. On T:17196 you reached level 6 of The Quest. On T:17450 you killed Warden Arianna on level 5 of The Quest. On T:18647 you reached level 14 of The Dungeons of Doom. On T:19436 you reached level 3 of Town. On T:19609 you reached level 2 of Town. On T:19699 you reached level 1 of Town. On T:23086 you reached level 5 of The Gnomish Mines. On T:23440 you reached level 6 of The Gnomish Mines. On T:23750 you reached level 7 of The Gnomish Mines. On T:24099 you reached level 8 of The Gnomish Mines. On T:24563 you reached level 9 of The Gnomish Mines. On T:26464 you advanced to experience level 13. On T:32124 you reached level 15 of The Dungeons of Doom. On T:32681 you reached level 16 of The Dungeons of Doom. On T:32975 you reached level 17 of The Dungeons of Doom. On T:33613 you reached level 18 of The Dungeons of Doom. On T:33919 you reached level 19 of The Dungeons of Doom. On T:33965 you reached level 20 of The Dungeons of Doom. On T:35591 you advanced to experience level 14. On T:51658 you advanced to experience level 15. On T:63614 you killed Aphrodite on level 2 of Town. On T:64429 you completed the quest! On T:66444 you reached level 21 of The Dungeons of Doom. On T:66874 you reached level 22 of The Dungeons of Doom. On T:67282 you reached level 23 of The Dungeons of Doom. On T:67744 you reached level 24 of The Dungeons of Doom. On T:67751 you killed Medusa on level 24 of The Dungeons of Doom. On T:67846 you reached level 1 of One-eyed Sam's Market. On T:76395 you advanced to experience level 16. On T:105054 you reached The Castle. On T:108418 you reached level 2 of Gehennom. On T:108562 you reached level 3 of Gehennom. On T:108839 you reached level 4 of Gehennom. On T:109181 you reached level 5 of Gehennom. On T:109529 you reached level 6 of Gehennom. On T:109716 you reached level 7 of Gehennom. On T:109769 you killed Juiblex on level 6 of Gehennom. On T:109809 you killed Asmodeus on level 6 of Gehennom. On T:110050 you reached level 8 of Gehennom. On T:110217 you reached level 9 of Gehennom. On T:110413 you reached level 10 of Gehennom. On T:110649 you reached level 11 of Gehennom. On T:111474 you reached level 4 of Vlad's Tower. On T:111626 you advanced to experience level 17. On T:111636 you reached level 3 of Vlad's Tower. On T:111640 you reached level 2 of Vlad's Tower. On T:111645 you reached level 1 of Vlad's Tower. On T:111650 you killed Vlad the Impaler on level 1 of Vlad's Tower. On T:111726 you killed Orcus on level 11 of Gehennom. On T:111878 you reached level 12 of Gehennom. On T:112223 you reached level 13 of Gehennom. On T:112285 you reached level 1 of The Dragon Caves. On T:112287 you reached level 2 of The Dragon Caves. On T:112299 you reached level 3 of The Dragon Caves. On T:112301 you reached level 4 of The Dragon Caves. On T:113091 you reached level 14 of Gehennom. On T:113119 you reached level 15 of Gehennom. On T:113272 you reached level 16 of Gehennom. On T:113468 you reached level 17 of Gehennom. On T:113490 you killed Geryon on level 17 of Gehennom. On T:113538 you reached level 18 of Gehennom. On T:113711 you reached level 19 of Gehennom. On T:113727 you killed Dispater on level 19 of Gehennom. On T:113837 you reached level 20 of Gehennom. On T:114065 you reached level 21 of Gehennom. On T:114148 you reached level 22 of Gehennom. On T:114405 you reached level 23 of Gehennom. On T:114484 you reached level 24 of Gehennom. On T:114862 you reached level 25 of Gehennom. On T:115098 you reached level 26 of Gehennom. On T:116805 you killed Wizard of Yendor on level 14 of Gehennom. On T:117000 you performed the invocation. On T:117247 you killed Cthulhu on level 27 of Gehennom. On T:117254 you killed Cthulhu on level 27 of Gehennom. On T:117256 you gained the Amulet of Yendor! On T:117512 you reached the Plane of Air. On T:117514 you killed Wizard of Yendor on the Plane of Air. On T:117623 you reached the Plane of Water. On T:117701 you reached the Astral Plane. On T:118034 you lost the Amulet of Yendor. On T:118035 you gained the Amulet of Yendor! On T:118153 you reached the Plane of Fire. On T:118229 you reached the Astral Plane. On T:118357 you killed Pestilence on the Astral Plane. On T:118400 you killed Pestilence on the Astral Plane. On T:118424 you killed Famine on the Astral Plane. On T:118472 you defied the gods and escaped the Astral Plane with the Amulet of Yendor! Latest messages: Eve the invisible Swashbuckler hits the giant beetle. (2x) The priest of Ilmater swings his mace at the Nazgul. The priest of Ilmater hits the Nazgul. (2x) [HP+1=469] The locust misses the invisible Angel of Tymora. (2x) The giant beetle misses Eve the invisible Swashbuckler. You hear a chugging sound. Eve the invisible Swashbuckler hits the locust. (2x) The locust is killed! The giant beetle is killed by the magic missile! The magic missile bounces! The priest of Ilmater casts a spell! The priest of Ilmater summons insects around a spot near you! [HP+1=470] You invoke the Amulet of Yendor named The Real Deal. Tymora is enraged, but the power of the Amulet of Yendor named The Real Deal protects you! You are surrounded by a shimmering golden sphere! You return home with the Amulet of Yendor named The Real Deal... The sack is empty. Final status: Goodbye Arrhythmia the Convict... You defied the gods and escaped with 105326 points, The Iron Ball of Liberation (worth 5000 zorkmids and 12500 points) 1 amulet of ESP (worth 150 zorkmids), 1 Amulet of Yendor (worth 30000 zorkmids), and 0 pieces of gold, after 118472 moves. You were level 17 with a maximum of 475 hit points when you defied the gods and escaped.